 Dungeon Crawl Stone Soup version 0.28-a0-1235-g7c8fac35f0 (webtiles) character file.

Game seed: 15285409482202034893

23 r3xj the Shield-Bearer (level 2, -2/27 HPs)
             Began as a Minotaur Fighter on Dec 24, 2021.
             Slain by Sigmund (5 damage)
             ... on level 2 of the Dungeon.
             The game lasted 00:01:00 (1048 turns).

r3xj the Shield-Bearer (Minotaur Fighter)           Turns: 1048, Time: 00:01:00

Health: -2/27      AC:  7    Str: 20    XL:     2   Next: 75%
Magic:  1/1        EV:  9    Int:  5    God:
Gold:   77         SH:  4    Dex:  9    Spells: 1/1 levels left

rFire   . . .      SeeInvis .   a - +0 war axe
rCold   . . .      Faith    .   c - +0 buckler
rNeg    . . .      Spirit   .   b - +0 scale mail
rPois   .          Reflect  .   (helmet restricted)
rElec   .          Harm     .   (no cloak)
rCorr   .          Rampage  .   (no gloves)
Will    .....                   (no boots)
Stlth   ..........              (no amulet)
HPRegen 0.09/turn               (no ring)
MPRegen 0.07/turn               (no ring)

@: no status effects
A: horns 2, retaliatory headbutt
a: no special abilities


You were on level 2 of the Dungeon.
You visited 1 branch of the dungeon, and saw 2 of its levels.

You collected 77 gold pieces.

Inventory:

Hand Weapons
 a - a +0 war axe (weapon)
Armour
 b - a +0 scale mail (worn)
 c - a +0 buckler (worn)
Scrolls
 e - a scroll of teleportation {unknown}
Potions
 d - a potion of might
 f - 2 potions of curing {unknown}
 g - a potion of haste {unknown}


   Skills:
 + Level 4.0 Fighting
 + Level 3.0 Axes
 + Level 4.0 Armour
 - Level 4.0 Shields


You had one spell level left.
You didn't know any spells.
Your spell library was empty.

Dungeon Overview and Level Annotations

Branches:
Dungeon (2/15)

Altars:

Shops:
D:1 [

Annotations:
D:2 Sigmund


Innate Abilities, Weirdness & Mutations

You have a pair of horns on your head.
You reflexively headbutt those who attack you in melee.


Message History

No target in view!
Done exploring.
No target in view!
Done exploring.
No target in view!
Done exploring.
No target in view!
Done exploring.
No target in view!
Done exploring.
No target in view!
Search for what [? for help]? .
You see here a +0 ring mail.
There is a stone staircase leading down here.
You climb downwards.
Found a crooked glowing staff.
There is a stone staircase leading up here.
The bat hits you but does no damage.
Sigmund gestures wildly while chanting.
Sigmund flickers and vanishes!
Deactivating autopickup; reactivate with Ctrl-A.
The bat hits you but does no damage. The bat misses you.
The bat closely misses you. The bat hits you but does no damage. x2
You closely miss the bat. Your headbutt misses the bat.
You block the bat's attack. The bat hits you but does no damage.
The bat misses you. The bat barely misses you. You furiously retaliate!
You headbutt the bat!
You kill the bat!
Something hits you. Something hits you. Something hits you. Something hits you.
You barely miss something. Your headbutt misses something. You miss something.
Your headbutt misses something. Something hits you!
* * * LOW HITPOINT WARNING * * *
You miss something. Something hits you.
You die...

#......## ........##
.........# .........#
.........# .........#
.........#############
.......<...{@.........
.........#############
.........# ........|#
.........# .........#
........## #......##


There were no monsters in sight!

Vanquished Creatures
  2 bats
  6 endoplasms (D:1)
  A giant cockroach (D:1)
  3 goblins (D:1)
  4 hobgoblins (D:1)
  A kobold (D:1)
  A frilled lizard (D:1)
18 creatures vanquished.

Notes
Turn   | Place    | Note
-------+----------+-------------------------------------------
     0 | D:1      | r3xj the Minotaur Fighter began the quest for the Orb.
     0 | D:1      | Reached XP level 1. HP: 19/19 MP: 0/0
    38 | D:1      | Found a faded altar of an unknown god.
   397 | D:1      | Reached XP level 2. HP: 27/27 MP: 1/1
   550 | D:1      | Found Illoyz Ileb's Armour Emporium.
  1029 | D:2      | Noticed Sigmund
  1048 | D:2      | Slain by Sigmund

Illustrated notes

Levels and vault maps discovered:
D:1:      dpeg_arrival_erosion, layout_loops_ring, serial_shops, shop,
          hellmonk_ecumenical_altar_arch_garden, dk_noncrumbling_4,
          minmay_misc_feat_iff
D:2:      layout_rooms, uniq_sigmund

Skill      XL: |  1  2 |
---------------+-------+-----
Shields        | 4 |  4.0
Fighting       | 4 |  4.0
Axes           | 3 |  3.0
Armour         | 4 |  4.0

Action                   || total
-------------------------++-------
Melee: War axe           ||    41
       Headbutt          ||     2
Armor: Scale mail        ||    23
Dodge: Dodged            ||    23
Block: Buckler           ||     3

Table legend: (Time is in decaauts)
 A = Elapsed time spent in this place.
 B = Non-inter-level travel time spent in this place.
 C = Inter-level travel time spent in this place.
 D = Time resting spent in this place.
 E = Time spent auto-exploring this place.
 F = Levels seen in this place.
 G = Mean time per level.
                   A        B        C        D        E       F      G
               +--------+--------+--------+--------+--------+-----+--------+
         Total |   1063 |   1009 |     54 |      0 |    893 |   2 |  531.5 |
       Dungeon |   1063 |   1009 |     54 |      0 |    893 |   2 |  531.5 |
               +--------+--------+--------+--------+--------+-----+--------+

Top non-repeatable levels by time:
     D:1: 1043 daAuts
     D:2: 19 daAuts
